 Dungeon Crawl Stone Soup version 0.32-a0-953-g508020473e (webtiles) character file.

Game seed: 9960925973323681788

672 Cancer the Changeling (level 7, 0/52 HPs)
             Began as a Black Draconian Shapeshifter on Apr 16, 2024.
             Was an Initiate of Wu Jian.
             Slain by an iguana (11 damage)
             ... on level 5 of the Dungeon.
             The game lasted 00:18:27 (4576 turns).

Cancer the Changeling (DrSh)                        Turns: 4576, Time: 00:18:28

Health: 0/52       AC:  6    Str: 19    XL:     7   Next: 32%
Magic:  7/7        EV: 11    Int: 10    God:    Wu Jian [......]
Gold:   304        SH:  0    Dex: 10    Spells: 4/6 levels left

rFire   + . .        i - +2 short sword (vamp)
rCold   . . .        (no shield)
rNeg    + . .        (body armour unavailable)
rPois   .            (helmet currently unavailable)
rElec   +            (cloak currently unavailable)
rCorr   .            (gloves currently unavailable)
SInv    .            (boots currently unavailable)
Will    .....        s - amulet of the acrobat
Stlth   +            k - ring of positive energy
HPRegen 0.28/turn    m - ring of protection from fire
MPRegen 0.10/turn

%: acrobat
@: beast-form
A: beast (slay +3), galvanic breath, AC +6, unfitting armour, electricity
resistance, cold-blooded
a: Galvanic Breath, Begin Untransformation, Renounce Religion


You were on level 5 of the Dungeon.
You worshipped Wu Jian.
Wu Jian was noncommittal.
You were a hulking beast.
You visited 1 branch of the dungeon, and saw 5 of its levels.

You collected 304 gold pieces.

Inventory:

Hand Weapons
 i - a +2 vampiric short sword (weapon)
 r - a +4 dagger
Armour
 j - a +0 helmet
Jewellery
 k - a ring of positive energy (left hand)
 l - an amulet of magic regeneration
 m - a ring of protection from fire (right hand)
 s - an amulet of the acrobat (around neck)
Talismans
 b - a beast talisman (active)
 c - a flux talisman
Wands
 q - a wand of polymorph (8)
Scrolls
 e - a scroll of fear {unknown}
 f - 3 scrolls of identify {unknown}
 g - 4 scrolls of teleportation {unknown}
 h - a scroll of enchant armour {unknown}
 p - a scroll of revelation {unknown}
 t - a scroll of summoning {unknown}
Potions
 a - a potion of lignification
 d - 4 potions of degeneration {unknown}
 n - a potion of might {unknown}
 o - 2 potions of invisibility {unknown}


   Skills:
 - Level 1.1 Fighting
 - Level 1.7 Dodging
 + Level 5.5 Unarmed Combat
 * Level 6.7 Shapeshifting


You had 4 spell levels left.
You knew the following spells:

 Your Spells              Type           Power      Damage    Failure   Level
a - Blink                 Tloc           0%         N/A       50%         2

Your spell library contained the following spells:

 Spells                   Type           Power      Damage    Failure   Level
 Magic Dart               Conj           0%         1d3       36%         1
 Call Imp                 Summ           0%         N/A       50%         2
 Sigil of Binding         Hex            0%         N/A       75%         3
 Anguish                  Hex/Necr       0%         N/A       98%         4
 Cause Fear               Hex            0%         N/A       98%         4
 Dispersal                Tloc           0%         N/A       100%        6
 Gell's Gavotte           Tloc           0%         2d(11-16) 100%        6
 Enfeeble                 Hex            0%         N/A       100%        7
 Manifold Assault         Tloc           0%         N/A       100%        7
 Disjunction              Tloc           0%         N/A       100%        8


Dungeon Overview and Level Annotations

Branches:
Dungeon (5/15)
 Temple: D:4-7

Altars:
Hepliaklqana
Qazlal
Ru
Uskayaw
Wu Jian

Annotations:
D:3 wall
D:4 Edmund


Innate Abilities, Weirdness & Mutations

You are a hulking beast.
Your limbs bulge with bestial killing power. (Slay +3)
You can breathe arcing electricity.
Your glossy black scales are hard. (AC +6)
You cannot fit into any form of body armour.
You are resistant to electric shocks. (rElec)
You are cold-blooded and may be slowed by cold attacks.


Message History

What level of the Dungeon? (default 3, ? - help)
There is a stone staircase leading down here.
You climb downwards.
Level annotation: wall
There is a stone staircase leading up here.
There is a stone staircase leading down here.
You climb downwards.
Level annotation: Edmund
There is a stone staircase leading up here.
Things that are here:
a +0 dagger; a goblin skeleton; a goblin skeleton
Items here: )))) [[ รทรทรทรท.
There is a stone staircase leading down here.
You climb downwards.
Found an escape hatch in the ceiling.
There is a stone staircase leading up here.
Found a stone staircase leading down.
There is an escape hatch in the ceiling here.
A mysterious force pulls you upwards. The hatch slams shut behind you.
Level annotation: Edmund
There is a sacrificial altar of Ru here.
There is a stone staircase leading down here.
You climb downwards.
The ogre shouts!
Found a short runed staff and a ring mail.
There is a stone staircase leading up here.
An iguana comes into view.
You hit the ogre. You tail-slap the ogre.
The ogre is heavily wounded.
The ogre hits you with a +0 giant spiked club!!
You completely miss the ogre.
The ogre is heavily wounded.
The ogre hits you with a +0 giant spiked club!!
* * * LOW HITPOINT WARNING * * *
You hit the ogre.
The ogre is heavily wounded.
You barely miss the ogre.
The ogre is heavily wounded.
The ogre completely misses you. The iguana bites you!
You die...

#.. #..# .
#..# .
###..####
. .....#.
#####.|..
........#
#..h#
#.lO#
#.........
#..##.####
...# .#
##[## # #.
#. #.


You could see an ogre and an iguana.

Vanquished Creatures
  A black bear (D:4)
  A sky beast (D:2)
  A bullfrog (D:4)
  2 scorpions (D:4)
  A jelly (D:4)
  2 hounds (D:4)
  An iguana (D:4)
  2 sleepcaps (D:3)
  Robin (D:4)
  5 adders
  4 dart slugs
  An orc (D:3)
  10 endoplasms
  3 giant cockroaches
  13 goblins
  10 hobgoblins
  6 kobolds
  5 quokkas
  5 ball pythons
  8 bats
  4 frilled lizards
  12 rats
98 creatures vanquished.

Notes
Turn   | Place    | Note
-------+----------+-------------------------------------------
     0 | D:1      | Cancer the Draconian Shapeshifter began the quest for the
                  | Orb.
     0 | D:1      | Reached XP level 1. HP: 16/16 MP: 1/1
    96 | D:1      | Reached XP level 2. HP: 23/23 MP: 2/2
   501 | D:1      | Reached XP level 3. HP: 28/28 MP: 3/3
  1184 | D:2      | Reached skill level 4 in Shapeshifting
  1386 | D:2      | Reached XP level 4. HP: 35/35 MP: 4/4
  1840 | D:3      | Found a stormy altar of Qazlal.
  1840 | D:3      | Noticed a sky beast
  1932 | D:3      | Found a hide-covered altar of Uskayaw.
  2102 | D:3      | Found an ornate altar of the Wu Jian Council.
  2176 | D:3      | Noticed a spectral centipede
  2176 | D:3      | Noticed a spectral black mamba
  2176 | D:3      | Noticed a spectral cane toad
  2181 | D:3      | Became a worshipper of the Wu Jian Council
  2466 | D:3      | Found a faded altar of an unknown god.
  2643 | D:3      | Reached XP level 5. HP: 11/40 MP: 5/5
  2993 | D:4      | Noticed Robin
  3015 | D:4      | Reached skill level 5 in Shapeshifting
  3027 | D:4      | Killed Robin
  3217 | D:4      | Reached XP level 6. HP: 34/47 MP: 6/6
  3279 | D:4      | Found a hazy altar of Hepliaklqana.
  3389 | D:4      | Found a sacrificial altar of Ru.
  3485 | D:4      | Noticed Edmund
  3671 | D:4      | Reached * piety under Wu Jian
  3672 | D:4      | Reached skill level 5 in Unarmed Combat
  3672 | D:4      | Reached skill level 6 in Shapeshifting
  3808 | D:4      | Your scales start taking on a glossy black colour.
  3808 | D:4      | Reached XP level 7. HP: 52/52 MP: 7/7
  3808 | D:4      | Gained mutation: You are resistant to electric shocks.
                  | (rElec) [Black Draconian growth]
  4425 | D:4      | Learned a level 2 spell: Blink
  4554 | D:5      | Entered Level 5 of the Dungeon
  4576 | D:5      | Slain by an iguana

Illustrated notes

Levels and vault maps discovered:
D:1:      onia_arrival_handbag, layout_basic,
          nicolae_concentric_dashed_squares_mild, minmay_small_reverse_x
D:2:      layout_loops_ring
D:3:      layout_loops_ring, nicolae_uskayaw_dance_hall,
          pdpol_wu_jian_five_deadly_venoms, nicolae_qazlal_beasts_of_the_sky,
          shapermc_ecumenical_altar_hornbeckon, hellmonk_no_cap
D:4:      layout_layer_cave, mainiacjoe_overflow_tiny_flanked,
          nicolae_ru_awakened_eye, minivault_26, minmay_quadrilaterals,
          uniq_edmund, uniq_robin
D:5:      layout_loops_ring, gammafunk_temple_overflow_pools,
          ebering_ghost_gozag, minmay_manual_mandibuliform

Skill      XL: |  1  2  3  4  5  6 |
---------------+-------------------+-----
Shapeshifting  | 4 5 6 |  6.7
Unarmed Combat | 4 5 |  5.5
Fighting       | |  1.1
Dodging        | |  1.7

Action                     |  1- 3 |  4- 6 |  7- 9 || total
---------------------------+-------+-------+-------++-------
  Melee: Unarmed           |   101 |    47 |       ||   148
         Tailslap          |    11 |    22 |     4 ||    37
         Punch             |     4 |     1 |       ||     5
         Short sword       |       |   110 |    22 ||   132
Ability: Lunge             |       |    10 |     1 ||    11
   Stab: Sleeping          |     2 |       |       ||     2
 Armour: Skin              |    48 |   106 |    13 ||   167
  Dodge: Dodged            |    51 |    77 |     7 ||   135

Table legend: (Time is in decaauts)
 A = Elapsed time spent in this place.
 B = Non-inter-level travel time spent in this place.
 C = Inter-level travel time spent in this place.
 D = Time resting spent in this place.
 E = Time spent auto-exploring this place.
 F = Levels seen in this place.
 G = Mean time per level.
                   A        B        C        D        E       F      G
               +--------+--------+--------+--------+--------+-----+--------+
         Total |   4580 |   3820 |    760 |    114 |   2697 |   5 |  916.0 |
       Dungeon |   4580 |   3820 |    760 |    114 |   2697 |   5 |  916.0 |
               +--------+--------+--------+--------+--------+-----+--------+

Top non-repeatable levels by time:
     D:4: 1371 daAuts
     D:3: 1182 daAuts
     D:1: 1032 daAuts
     D:2: 985 daAuts
     D:5: 8 daAuts
